 Dungeon Crawl Stone Soup version 0.30.1-4-g462c640d31 (webtiles) character file.

Game seed: 7612398682768855512

1 Bobit the Charlatan (level 1, 0/13 HPs)
             Began as a Gnoll Wanderer on Aug 19, 2023.
             Slain by a ball python (1 damage)
             ... on level 1 of the Dungeon.
             The game lasted 00:00:17 (34 turns).

Bobit the Charlatan (Gnoll Wanderer)                  Turns: 34, Time: 00:00:18

Health: 0/13       AC:  2    Str:  9    XL:     1   Next: 20%
Magic:  2/2        EV: 11    Int:  9    God:
Gold:   0          SH:  0    Dex: 15    Spells: 0/0 levels left

rFire   . . .        a - +0 falchion
rCold   . . .        (no shield)
rNeg    . . .        f - +0 robe
rPois   .            (no helmet)
rElec   .            (no cloak)
rCorr   .            (no gloves)
SInv    .            (no boots)
Will    .....        (no amulet)
Stlth   +            (no ring)
HPRegen 0.22/turn    (no ring)
MPRegen 0.08/turn

%: no passive effects
@: no status effects
A: fangs 1, strong nose, distributed training
a: no special abilities


You were on level 1 of the Dungeon.
You visited 1 branch of the dungeon, and saw 1 of its levels.

Inventory:

Hand Weapons
 a - a +0 falchion (weapon)
 d - a +0 dagger
Missiles
 c - 6 boomerangs (quivered)
Armour
 f - a +0 robe (worn)
Wands
 b - a wand of flame (11)
Potions
 e - a potion of curing
 g - a potion of might {unknown}


   Skills:
 + Level 0.0 Fighting
 + Level 0.0 Short Blades
 + Level 4.4 Long Blades
 + Level 0.0 Axes
 + Level 0.0 Maces & Flails
 + Level 0.0 Polearms
 + Level 0.0 Staves
 + Level 0.0 Ranged Weapons
 + Level 6.4 Throwing
 + Level 2.3 Armour
 + Level 0.0 Dodging
 + Level 0.0 Stealth
 + Level 0.0 Shields
 + Level 0.0 Unarmed Combat
 + Level 0.0 Spellcasting
 + Level 0.0 Conjurations
 + Level 0.0 Hexes
 + Level 0.0 Summonings
 + Level 0.0 Necromancy
 + Level 0.0 Translocations
 + Level 0.0 Transmutations
 + Level 0.0 Fire Magic
 + Level 0.0 Ice Magic
 + Level 0.0 Air Magic
 + Level 0.0 Earth Magic
 + Level 0.0 Poison Magic
 + Level 2.3 Invocations
 + Level 6.4 Evocations


You couldn't memorise any spells.
You didn't know any spells.
Your spell library was empty.

Dungeon Overview and Level Annotations

Branches:
Dungeon (1/15)

Altars:


Innate Abilities, Weirdness & Mutations

You have very sharp teeth.
Your uncanny sense of smell can sniff out nearby items.
Your experience applies equally to all skills.


Message History

A jackal comes into view.
A jackal is nearby!
A jackal is nearby!
A jackal comes into view.
Found a stone staircase leading down.
The jackal barks!
You barely miss the jackal.
The jackal barks!
You hear an angry hiss.
The jackal barely misses you. The jackal bites you.
A ball python comes into view.
You hit the jackal.
The jackal is almost dead.
The jackal bites you. The jackal barely misses you. The jackal bites you. x2
You slash the jackal!
You kill the jackal!
The jackal bites you.
You are too injured to fight recklessly!
You are too injured to fight recklessly!
You are too injured to fight recklessly!
You are too injured to fight recklessly!
The jackal attacks as you move away! The jackal barely misses you.
The jackal bites you. The jackal closely misses you.
You see here a clear potion.
g - a clear potion The jackal bites you.
The jackal attacks as you move away! The jackal barely misses you.
The ball python attacks as you move away!
The ball python bites you.
* * * LOW HITPOINT WARNING * * *
The jackal barely misses you.
The ball python attacks as you move away!
The ball python closely misses you. The jackal barely misses you.
You hit the jackal.
The jackal is lightly wounded.
The ball python barely misses you. x2; The jackal bites you.
* * * LOW HITPOINT WARNING * * *
The ball python attacks as you move away!
The ball python bites you.
You die...

...>.....###.# #########
..........##.#######........
.............#.......#######
........!......#.#####
......†........#>#
...............#<#
........#......#.#
.......#......S#.##
#.######......h@..# .
#...#.#..##### #.###.##.# #.
#.##... . #.##### ∆ ∆


You could see a jackal and a ball python.

Vanquished Creatures
  A jackal (D:1)
1 creature vanquished.

Notes
Turn   | Place    | Note
-------+----------+-------------------------------------------
     0 | D:1      | Bobit the Gnoll Wanderer began the quest for the Orb.
     0 | D:1      | Bobit set off with the following items: a +0 falchion, a
                  | wand of flame (11), 6 boomerangs, a +0 dagger, a potion of
                  | curing, a +0 robe.
     0 | D:1      | Reached XP level 1. HP: 13/13 MP: 2/2
    34 | D:1      | Slain by a ball python

Illustrated notes

Levels and vault maps discovered:
D:1:      dpeg_arrival_tiny_i, layout_rooms, nicolae_ecumenical_lake_church

Action                     || total
---------------------------++-------
  Melee: Falchion          ||     4
  Dodge: Dodged            ||    10
